 Dungeon Crawl Stone Soup version 0.32-a0-391-gce5c0aab1b (webtiles) character file.

Game seed: 9140518156651038555

20 shadowstone the Ruffian (level 2, 0/2 HPs)
             Began as an Octopode Shapeshifter on Feb 19, 2024.
             Hit by a stone thrown by a kobold (2 damage)
             ... on level 1 of the Dungeon.
             The game lasted 00:02:07 (443 turns).

shadowstone the Ruffian (Octopode Shapeshifter)      Turns: 443, Time: 00:02:08

Health: 0/2        AC:  3    Str: 23    XL:     2   Next: 79%
Magic:  2/2        EV:  8    Int: 12    God:
Gold:   48         SH:  0    Dex: 11    Spells: 1/1 levels left

rFire   + + .        f - melded +2 dagger (protect)
rCold   x . .        (shield currently unavailable)
rNeg    . . .        (helmet currently unavailable)
rPois   +            (no amulet)
rElec   .            (no ring)
rCorr   .            (no ring)
SInv    .            (no ring)
Will    .....        (no ring)
Stlth   +            (no ring)
HPRegen 0.20/turn    (no ring)
MPRegen 0.08/turn    (no ring)
                     (no ring)

%: no passive effects
@: dragon-form, flying
A: dragon claw, dragon scales, breathe fire, flying, reduced hp, almost no
armour, amphibious, 8 rings, giant, (camouflage 1), (gelatinous body 1), (nimble
swimmer 1), (tentacles)
a: Breathe Fire, Begin Untransformation


You were on level 1 of the Dungeon.
You were a fearsome dragon!
You visited 1 branch of the dungeon, and saw 1 of its levels.

You collected 48 gold pieces.

Inventory:

Hand Weapons
 d - a +1 flail of protection
 f - a +2 dagger of protection (melded)
Jewellery
 i - a ring of positive energy
Talismans
 b - a beast talisman
 c - a flux talisman
 h - a dragon-blood talisman (active)
Scrolls
 e - a scroll of noise {unknown}
Potions
 a - a potion of lignification
 g - a potion of haste {unknown}


   Skills:
 + Level 1.1 Fighting
 + Level 2.2 Dodging
 + Level 3.4 Unarmed Combat
 + Level 3.2 Shapeshifting


You had one spell level left.
You didn't know any spells.
Your spell library was empty.

Dungeon Overview and Level Annotations

Branches:
Dungeon (1/15)

Altars:


Innate Abilities, Weirdness & Mutations

You are a fearsome dragon!
You have a powerful clawing attack.
Your giant scaled body is strong and resilient, but less evasive.
You can breathe fire.
You are flying.
Your maximum health is decreased, since you lack skill for your form.
Your armour is entirely melded.
You are incapable of wielding weapons or throwing items.
You cannot wear most types of armour.
You are amphibious.
You can wear up to eight rings at the same time.
((Your skin changes colour to match your surroundings (Stealth+).))
((Your rubbery body absorbs attacks. (AC +1, EV +1)))
((You are camouflaged when in or above water. (Stealth+)))
((You have tentacles for arms and can constrict up to eight enemies at once.))


Message History

Your weapon exudes an aura of protection.
You kill the frilled lizard!
You see here a frilled lizard corpse.
HP restored.
A quokka and a frilled lizard come into view.
Found a dragon-blood talisman and a tubular glass ring.
The quokka bites you.
The frilled lizard hisses angrily.
You hit the frilled lizard.
Your weapon exudes an aura of protection.
You kill the frilled lizard!
The quokka misses you.
The quokka bites you but does no damage.
The quokka bites you but does no damage.
You see here a frilled lizard corpse.
The quokka bites you but does no damage.
You barely miss the quokka. Your grab misses the quokka.
Your squeeze misses the quokka. The quokka closely misses you.
You hit the quokka but do no damage.
Your weapon exudes an aura of protection.
You grab the quokka. You constrict the quokka. The quokka bites you.
You barely miss the quokka. You squeeze the quokka.
You kill the quokka!
You see here a dragon-blood talisman.
h - a dragon-blood talisman
i - a ring of positive energy You now have 48 gold pieces (gained 11).
There are no items here.
A goblin and a kobold come into view.
There are monsters nearby!
You begin transforming.
You continue transforming. x3
Your transformation has ended.
You turn into a fearsome dragon!
Your +2 dagger of protection melds into your body.
Your +2 dagger of protection goes still.
The goblin shouts!
The kobold shouts!
The kobold throws a stone.
The stone hits you but does no damage.
The kobold throws a stone.
The stone hits you.
Ouch! That really hurt!
You die...

.# .# ##### .# # ..>.##
.#.#
##...#############g#.####
#.........#........K.....
#..##.......†........≈≈≈≈
#..####.........D..#.
#.......#.#.#####..#
##.######.#.# #..#
......# #.#.# #..#
##.##+###.#.# #..#
#.....##.#.# #.## #♣##+#
#...(.##.#.# ... #+#
♣~.... #†....##.#.. ...
#.##♣.....
#.##'###.######
###.ß#......


You could see a goblin and a kobold.

Vanquished Creatures
  A dart slug (D:1)
  An endoplasm (D:1)
  A giant cockroach (D:1)
  A hobgoblin (D:1)
  A quokka (D:1)
  A ball python (D:1)
  A bat (D:1)
  3 frilled lizards (D:1)
  A goblin (D:1)
11 creatures vanquished.

Notes
Turn   | Place    | Note
-------+----------+-------------------------------------------
     0 | D:1      | shadowstone the Octopode Shapeshifter began the quest for
                  | the Orb.
     0 | D:1      | Reached XP level 1. HP: 13/13 MP: 1/1
   276 | D:1      | Reached XP level 2. HP: 18/18 MP: 2/2
   443 | D:1      | Hit by a stone thrown by a kobold

Illustrated notes

Levels and vault maps discovered:
D:1:      saegor_arrival_fortress, layout_basic

Action                     || total
---------------------------++-------
  Melee: Unarmed           ||     4
         Constrict         ||     5
         Flail             ||     9
         Tentacles         ||     4
         Punch             ||     1
         Dagger            ||     9
 Armour: Skin              ||    17
  Dodge: Dodged            ||    21
   Form: Dragon            ||     1

Table legend: (Time is in decaauts)
 A = Elapsed time spent in this place.
 B = Non-inter-level travel time spent in this place.
 C = Inter-level travel time spent in this place.
 D = Time resting spent in this place.
 E = Time spent auto-exploring this place.
 F = Levels seen in this place.
 G = Mean time per level.
                   A        B        C        D        E       F      G
               +--------+--------+--------+--------+--------+-----+--------+
         Total |    445 |    445 |      0 |    114 |     98 |   1 |  445.0 |
       Dungeon |    445 |    445 |      0 |    114 |     98 |   1 |  445.0 |
               +--------+--------+--------+--------+--------+-----+--------+

Top non-repeatable levels by time:
     D:1: 445 daAuts
